AoeStats
← BenJames

Arabia

508160063Analyzed
2v2 RM · 9d ago on Sep 21, 2026· 43m 43s· 4 players
Game mode
Random Map
Map size
Medium (4 player)
Population
200
Speed
Normal
Resources
Standard
Victory
Conquest
Starting age
Dark Age
Ending age
Imperial Age
RankedLock teamsTeams togetherTeam positionsShared explorationLock speedFull tech treeHidden civsTurbo modeCheats
Victory
Defeat
🇲🇽 Mongols · Mexico
1128
+10
🇲🇽 Huns · Mexico
1105
+11
🇨🇴 Magyars · Colombia
1038
-11
🇭🇳 Cumans · Honduras
966
-16
BenJames
5:08 Loom
9:58 Feudal Age
10:07 Man-at-Arms
21:56 Castle Age
25:38 Double-Bit Axe
26:23 Horse Collar
29:22 Pikeman
31:44 Bloodlines
40:04 Fletching
41:47 Scale Barding Armor
41:58 Husbandry
ale544
5:49 Loom
12:24 Feudal Age
14:37 Wheelbarrow
15:43 Double-Bit Axe
19:28 Horse Collar
26:49 Castle Age
26:25 Town Watch
27:58 Bloodlines
29:49 Heavy Plow
31:58 Forging
33:52 Gold Mining
35:04 Hand Cart
37:21 Scale Barding Armor
43:30 Imperial Age
42:24 Iron Casting
erick.alejandro
9:29 Feudal Age
7:48 Loom
10:34 Double-Bit Axe
12:18 Horse Collar
15:09 Fletching
23:29 Castle Age
23:36 Scale Barding Armor
23:42 Forging
24:09 Bodkin Arrow
25:49 Bloodlines
25:40 Husbandry
26:11 Chain Barding Armor
28:32 Town Watch
29:24 Bow Saw
34:04 Wheelbarrow
37:56 Imperial Age
35:41 Hand Cart
36:49 Iron Casting
38:21 Thumb Ring
38:40 Ballistics
38:30 Masonry
38:04 Cavalier
40:32 Plate Barding Armor
41:52 Blast Furnace
42:24 Paladin
44:12 Bracer
Smallville
6:20 Loom
8:54 Feudal Age
9:02 Man-at-Arms
12:12 Double-Bit Axe
14:05 Horse Collar
20:08 Castle Age
19:13 Scale Barding Armor
18:57 Town Watch
19:59 Bloodlines
20:34 Forging
22:37 Bow Saw
23:22 Husbandry
25:04 Chain Barding Armor
27:12 Wheelbarrow
29:20 Iron Casting
28:50 Town Patrol
29:32 Fletching
30:24 Hand Cart
31:11 Bodkin Arrow
36:03 Imperial Age
35:15 Padded Archer Armor
34:52 Light Cavalry
37:56 Chemistry
37:24 Ballistics
37:00 Murder Holes
37:44 Bracer
38:25 Leather Archer Armor
39:26 Conscription
42:59 Elite Mangudai
Connection lost

Rejoining the realm…

Still unreachable

The connection could not be restored.

Session expired

The server has moved on; the page needs a fresh start.